 Dungeon Crawl Stone Soup version 0.28-a0-1182-g381e24db82 (webtiles) character file.

Game seed: 3316769290558790440

0 jtrev the Skirmisher (level 1, 0/14 HPs)
             Began as a Gargoyle Berserker on Dec 16, 2021.
             Was a Follower of Trog.
             Slain by a hobgoblin (1 damage)
             ... on level 1 of the Dungeon.
             The game lasted 00:00:14 (32 turns).

jtrev the Skirmisher (Gargoyle Berserker)             Turns: 32, Time: 00:00:15

Health: 0/14       AC:  4    Str: 20    XL:     1   Next: 10%
Magic:  1/1        EV: 11    Int:  7    God:    Trog [*.....]
Gold:   0          SH:  0    Dex:  9    Spells: 0/0 levels left

rFire   . . .      SeeInvis .   a - +0 mace
rCold   . . .      Faith    .   (no shield)
rNeg    + . .      Spirit   .   b - +0 animal skin
rPois   ∞          Reflect  .   (no helmet)
rElec   +          Harm     .   (no cloak)
rCorr   .          Rampage  .   (no gloves)
Will    .....                   (no boots)
Stlth   +.........              (no amulet)
HPRegen 0.04/turn               (no ring)
MPRegen 0.07/turn               (no ring)

@: no status effects
A: sickness immunity, AC +2, negative energy resistance 1, electricity
resistance, torment resistance 1, petrification resistance
a: Renounce Religion, Berserk


You were on level 1 of the Dungeon.
You worshipped Trog.
Trog was aware of your devotion.
You visited 1 branch of the dungeon, and saw 1 of its levels.

Inventory:

Hand Weapons
 a - a +0 mace (weapon)
Armour
 b - a +0 animal skin (worn)


   Skills:
 - Level 3.2 Fighting
 + Level 3.0 Maces & Flails
 - Level 2.1 Armour
 - Level 1.5 Dodging


You couldn't memorise any spells.
You didn't know any spells.
Your spell library was empty.

Dungeon Overview and Level Annotations

Branches:
Dungeon (1/15)

Altars:


Innate Abilities, Weirdness & Mutations

You are immune to sickness and miasma.
Your stone body is resilient. (AC +2)
You are immune to poison.
You resist negative energy. (rN+)
You are resistant to electric shocks. (rElec)
You are resistant to unholy torment.
You are immune to petrification.


Message History

Welcome, jtrev the Gargoyle Berserker.
You feel drawn to the Orb of Zot, downwards into the unfathomable depths...
Trog says: Kill them all!
Found a staircase leading out of the dungeon.
A hobgoblin comes into view.
The hobgoblin shouts!
A hobgoblin is nearby!
A ball python comes into view.
The ball python hisses angrily.
The hobgoblin barely misses you.
You hit the hobgoblin but do no damage. The hobgoblin misses you.
The ball python bites you but does no damage.
The ball python grabs you. The ball python constricts you.
You barely miss the ball python. The ball python closely misses you.
The ball python constricts you. The hobgoblin hits you.
You closely miss the ball python.
The ball python bites you but does no damage.
The ball python constricts you. The hobgoblin barely misses you.
The ball python bites you but does no damage.
The ball python constricts you.
You hit the ball python. The hobgoblin barely misses you.
The ball python bites you but does no damage.
The ball python constricts you.
The hobgoblin hits you but does no damage.
You hit the ball python but do no damage.
The ball python bites you. The ball python constricts you.
The ball python bites you but does no damage.
The ball python constricts you. The hobgoblin hits you.
You barely miss the ball python. The ball python closely misses you.
The ball python constricts you.
* * * LOW HITPOINT WARNING * * *
The hobgoblin hits you but does no damage.
You hit the ball python.
You kill the ball python!
Trog accepts your kill.
The hobgoblin hits you but does no damage.
Unknown command.
You barely miss the hobgoblin. The hobgoblin hits you.
* * * LOW HITPOINT WARNING * * *
The hobgoblin hits you but does no damage.
You completely miss the hobgoblin. The hobgoblin hits you.
* * * LOW HITPOINT WARNING * * *
You hit the hobgoblin but do no damage.
The hobgoblin hits you but does no damage.
You hit the hobgoblin but do no damage. The hobgoblin misses you.
Unknown command.
You hit the hobgoblin. The hobgoblin hits you.
* * * LOW HITPOINT WARNING * * *
The hobgoblin hits you.
You die...

#.....####.##
...........#
..........#
.........# ........#
.......# ### #g.....#
##.## #@.....#
##...###......#
##..⌠..##......#
######.......#.######
#<.............#
########+#####.#
#.......# #########


You could see a hobgoblin.

Vanquished Creatures
  A ball python (D:1)
1 creature vanquished.

Notes
Turn   | Place    | Note
-------+----------+-------------------------------------------
     0 | D:1      | jtrev the Gargoyle Berserker began the quest for the Orb.
     0 | D:1      | Reached XP level 1. HP: 14/14 MP: 1/1
    32 | D:1      | Slain by a hobgoblin

Illustrated notes

Levels and vault maps discovered:
D:1:      amcnicky_arrival_feature_with_door, layout_basic,
          dreamdust_ecumenical_altar_statues

Action                   || total
-------------------------++-------
Melee: Mace              ||    12
Armor: Animal skin       ||    10
Dodge: Dodged            ||     7

Table legend: (Time is in decaauts)
 A = Elapsed time spent in this place.
 B = Non-inter-level travel time spent in this place.
 C = Inter-level travel time spent in this place.
 D = Time resting spent in this place.
 E = Time spent auto-exploring this place.
 F = Levels seen in this place.
 G = Mean time per level.
                   A        B        C        D        E       F      G
               +--------+--------+--------+--------+--------+-----+--------+
         Total |     34 |     34 |      0 |      0 |     17 |   1 |   34.0 |
       Dungeon |     34 |     34 |      0 |      0 |     17 |   1 |   34.0 |
               +--------+--------+--------+--------+--------+-----+--------+

Top non-repeatable levels by time:
     D:1: 34 daAuts
